Unix NetHack Version 5.0.0-0 post-release - last build May 17 2026 04:57:42 (dc50c8380fa5e20985bfe3072449f57b8d9895ef,branch:main).

Game began 2026-05-17 17:09:58, ended 2026-05-17 19:30:24.

IanCurtis, chaotic male elven Wizard

  ---------------   ------                     -----
  |(|..|........----.....-----       -----     |(](.|--           ----
  ||-..%..{...|......--...|..--    ---...-     |(((.-.|     -------..--   ..|
  |....|.....---....-.....|s.....---.......-   |(((.|.|     |.........-----+|
  -------|--.| ------...i.@q..|...-.........---------.--+-- --.........[..`.|
       |...|.| |(.[.|.....@s.....)....*...................----....{.....-----
      [-...|.| |.((.-........[|-..........|-..-----+---|................-..|
     -------.| |(?..|....---..|..........-|.....--    ..|.----.........-|..|
     |.......| ------|....|...|..--.|...---..|...-      |-%..|-...---.- ----
    ---------------  |--....------|.|-..|..)---...-------....--------|---
    |...|?.!!.+...|  |.......-    |.|--.|..........|...|........|  |....|
    --..|.........|  |....{...    |.|   .---...........---......-- |.!(%|
    --..--|--------..|-...%...-   ..|--- ` --[---.............|..| ------
    |............%...--...%%...----.|..|    |[| ----.....|....|..-.--
    ||--........--%-.....-+---......|..|   `|%|    --...---...|......----
    |..|--..-.--|.%|---..|..-------.-..|  --.+---        ##...|.........|--
    |..+ |.-|...|..|  ---|....--  ------  |.....|    --..##   ..-......-|`-
    |+----)--+---+--     |....>.#########[..._.)|    |.)..-  --..-.|....|..--
    |.%.)([.......|      -------          |.....|    |.............|---.....|
    ---------------                       -------     -.......------  ---..<|
                                                      ---------         -----
IanCurtis the Thaumaturge  St:10 Dx:14 Co:15 In:20 Wi:16 Ch:9  Chaotic
Dlvl:7  $:142 HP:0(64) Pw:62(111) AC:6  Xp:9 T:8590 

Latest messages:
 You hear the splashing of a naiad.
 What do you want to wear? [*] M
 You are now wearing a towel around your head.
 You can't see any more.
 What do you want to remove? [M or ?*] M
 You were wearing an uncursed towel.
 You can see again.
 You see here a plate mail.
 "Pilgrim, you enter a sacred place!"
 You experience a sense of peace.
 There are many objects here.
 You swap places with the peaceful imp.
 Please move the cursor to a monster, object or location.
 (For instructions type a '?')
 The kobold mummy hits!
 You hit the kobold mummy!
 The cave spider bites!
 You hit the kobold mummy!
 The cave spider bites!
 In what direction? j
 The spell hits the kobold mummy!
 You destroy the kobold mummy!
 The spell hits the cockatrice!
 In what direction? j
 The spell hits the cockatrice!
 The cave spider misses!
 In what direction? j
 The spell hits the cockatrice!
 In what direction? j
 The spell hits the cockatrice!
 You kill the cockatrice!
 The cave spider bites!
 You miss the cave spider.
 In what direction? j
 The spell misses the mumak.
 The cave spider bites!
 The cave spider bites!
 In what direction? j
 The spell misses the mumak.
 The cave spider bites!
 The cave spider bites!
 The mumak butts!
 The mumak bites!
 The cave spider bites!
 You stop.  The quasit is in the way!
 The cave spider bites!
 The mumak butts!
 You die...
 Do you want your possessions identified? [ynq] (y) y
 Do you want to see your attributes? [ynq] (y) q

Inventory:
 Coins    ('$')
  $ - 142 gold pieces
 Weapons  (')')
  a - a blessed +1 quarterstaff (weapon in hands)
  v - a blessed +0 silver saber
 Armor    ('[')
  o - an uncursed +0 helmet (being worn)
  i - a blessed +0 pair of leather gloves (being worn)
  L - an uncursed +0 pair of speed boots (being worn)
  A - an uncursed +0 cloak of magic resistance (being worn)
 Comestibles  ('%')
  C - an uncursed cram ration
  H - an uncursed food ration
  B - 2 uncursed lembas wafers
  l - an uncursed lizard corpse
  X - an uncursed lizard corpse
 Scrolls  ('?')
  p - an uncursed scroll of identify
  r - an uncursed scroll of teleportation
 Rings    ('=')
  V - a cursed ring of fire resistance
  J - a cursed -1 ring of increase damage
  N - an uncursed ring of see invisible
  G - an uncursed ring of stealth
  e - an uncursed ring of teleportation
 Wands    ('/')
  c - a wand of light (0:15)
  h - a wand of lightning (0:5)
  u - a wand of probing (0:7)
  q - a wand of striking (0:8)
 Tools    ('(')
  b - a blessed bag of holding named holding containing 24 items
  Z - an empty uncursed oilskin sack named oilskin?
  P - an empty uncursed sack
  W - a bag of tricks (0:12)
  n - an uncursed wooden flute
  t - a cursed expensive camera (0:52)
  m - a magic marker (0:19)
  Q - an uncursed magic whistle
  d - a +0 pick-axe
  k - an uncursed skeleton key
  M - an uncursed towel
 Gems/Stones  ('*')
  K - an uncursed ruby named ruby
  O - an uncursed luckstone

Contents of the bag of holding named holding:
  3 uncursed scrolls of blank paper
  4 cursed scrolls of blank paper
  a blessed scroll of confuse monster
  2 uncursed scrolls of create monster
  2 uncursed scrolls of enchant armor
  a blessed scroll of identify
  an uncursed scroll of identify
  an uncursed scroll of light
  an uncursed spellbook of detect monsters
  a blessed spellbook of force bolt
  an uncursed spellbook of light
  an uncursed spellbook of restore ability
  an uncursed potion of booze
  an uncursed potion of extra healing
  a cursed potion of extra healing
  a blessed potion of gain ability
  an uncursed potion of gain ability
  an uncursed potion of gain energy
  an uncursed potion of levitation
  a blessed potion of monster detection
  a cursed potion of restore ability
  an uncursed potion of see invisible
  a cursed potion of sickness
  2 potions of holy water

IanCurtis the Wizard's attributes:

Background:
 You were a Thaumaturge, a level 9 male elven Wizard.
 You were chaotic, on a mission for Anhur
 who was opposed by Ptah (lawful) and Thoth (neutral).
 You were right-handed.
 You were in the Gnomish Mines, on level 7.
 You entered the dungeon 8590 turns ago.
 There was a new moon in effect when your adventure ended.
 You had 3897 experience points, 1223 more were needed to attain level 10.

Basics:
 You had 0 out of 64 hit points.
 You had 62 out of 111 energy points (spell power).
 Your armor class was 6.
 Your wallet contained 142 zorkmids.
 Autopickup was off.

Final Characteristics:
 Your strength was 10 (limit:18).
 Your dexterity was 14 (limit:18).
 Your constitution was 15 (limit:16).
 Your intelligence was 20 (limit:20).
 Your wisdom was 16 (limit:20).
 Your charisma was 9 (limit:18).

Final Status:
 You weren't hungry.
 You were unencumbered.
 You were wielding a quarterstaff.
 You were skilled in quarterstaff and could have enhanced that.

Final Attributes:
 You were piously aligned.
 You were magic-protected.
 You were sleep resistant.
 You were telepathic.
 You had infravision.
 You were warded.
 You were very fast.
 You were lucky.
 You had extra luck.
 Bad luck did not time out for you.
 Good luck did not time out for you.
 You are dead.

Miscellaneous:
 You didn't encounter any bones levels.
 Total elapsed playing time was 2 hours, 10 minutes and 17 seconds.

Major events:
 Turn
    1: IanCurtis the chaotic male elven Wizard entered the dungeon
  772: attained the rank of Conjurer (level 3)
 1125: entered the Gnomish Mines
 1757: attained the rank of Thaumaturge (level 6)
 1985: reached Mine Town
 7464: acquired the Mines' End luckstone
 8590: killed by a mumak

Spells:
 Name                 Level Category     Fail Retention
 force bolt             1   attack         0%   57%-58%
 detect monsters        1   divination     0%   51%-75%
 light                  1   divination     0%   51%-75%
 restore ability        4   healing       84%  76%-100%

Skills:
 Fighting Skills
   bare handed combat [Unskilled]
   riding             [Unskilled]
 Weapon Skills
   dagger             [Unskilled]
   knife              [Unskilled]
   axe                [Unskilled]
   short sword        [Unskilled]
   club               [Unskilled]
   mace               [Unskilled]
   quarterstaff       [Skilled]
   polearms           [Unskilled]
   spear              [Unskilled]
   trident            [Unskilled]
   sling              [Unskilled]
   dart               [Unskilled]
   shuriken           [Unskilled]
 Spellcasting Skills
   attack spells      [Expert]
   healing spells     [Unskilled]
   divination spells  [Unskilled]
   enchantment spells [Basic]
   clerical spells    [Unskilled]
   escape spells      [Unskilled]
   matter spells      [Unskilled]

Voluntary challenges:
 Character rerolling was not enabled.
 You never genocided any monsters.
 You never polymorphed an object.
 You never changed form.
 You used no wishes.
Achievements:
 You entered a shop.
 You attained the rank of Conjurer.
 You entered the Gnomish Mines.
 You attained the rank of Thaumaturge.
 You entered Minetown.
 You entered a temple.
 You completed the Gnomish Mines.

 The Dungeons of Doom: levels 1 to 4
    Level 1:
       A fountain, a sink.
    Level 2:
       A vegetarian food shop.
    Level 3:
       A fountain.
       Stairs down to The Gnomish Mines.
    Level 4:
 The Gnomish Mines: levels 4 to 11
    Level 4:
    Level 5:
    Level 6:
    Level 7: <- You were here.
       Many shops, a temple and an altar to Anhur, many fountains.
       Final resting place for
          you, killed by a mumak.
    Level 8:
    Level 9:
    Level 10:
    Level 11:


Vanquished creatures:
  a watch captain
  3 small mimics
  a pyrolisk
  a tengu
 an ochre jelly
  a stone giant
  a human mummy
  a leather golem
  3 watchmen
  3 chameleons
  a cockatrice
  a winter wolf cub
  a spotted jelly
 an orc-captain
  a giant spider
 an ice vortex
  2 vampire bats
  a gnome ruler
  2 owlbears
  a yeti
  a gold golem
  a werewolf
  4 lizards
  a housecat
  a jaguar
  a blue jelly
  a dust vortex
  a raven
  3 apes
  a human zombie
  a soldier ant
  a fire ant
  2 imps
  a mountain nymph
  3 rock piercers
  3 ponies
  2 yellow lights
  a shrieker
 13 gnome leaders
  5 gnomish wizards
  a kobold mummy
  a gray ooze
  a ghoul
  2 paper golems
  a little dog
  2 floating eyes
 19 dwarves
  a homunculus
  2 kobold leaders
 12 hill orcs
  5 rothes
  3 giant bats
  3 dwarf zombies
  a wererat
  a werejackal
  2 iguanas
 an acid blob
  a gas spore
  7 hobbits
  a large kobold
  a hobgoblin
  2 giant rats
  2 cave spiders
  3 green molds
  a red mold
 52 gnomes
 11 garter snakes
  a gecko
  2 jackals
  a fox
  3 goblins
  2 grid bugs
  5 lichens
  a kobold zombie
  6 newts
235 creatures vanquished.

No species were genocided or became extinct.

Game over:
                       ----------
                      /          \
                     /    REST    \
                    /      IN      \
                   /     PEACE      \
                  /                  \
                  |    IanCurtis     |
                  |      142 Au      |
                  |   killed by a    |
                  |      mumak       |
                  |                  |
                  |                  |
                  |       2026       |
                 *|     *  *  *      | *
        _________)/\\_//(\/(/\)/\//\/|_)_______

Goodbye IanCurtis the Wizard...

You died in The Gnomish Mines on dungeon level 7 with 16216 points,
and 142 pieces of gold, after 8590 moves.
You were level 9 with a maximum of 64 hit points when you died.

